Unix NetHack Version 5.0.0-0 post-release - last build May  3 2026 23:40:34 (9823c992c0763bbd039eca2974112f46eaf799b3,branch:main).

Game began 2026-05-04 21:02:26, ended 2026-05-04 22:41:31.

BaeHund, chaotic female elven Priestess

                                                                       ------
                                                   ---------------     |....|
                                                   |.............|  ###-....|
                                             ######..............-###  |....|
                                              #####|.............|     .....|
                                              #    -------.-------     --|---
                                             ##                          #
                                            ##                           #
                                            #                           o#
                                            #                           @
                                            #                          ##
                                ---+--------#
                                |....<.....|#
                                |..........|#                          .
                                |....*......#
                                ------------

BaeHund the Adept            St:13 Dx:10 Co:15 In:11 Wi:19 Ch:10  Chaotic
Dlvl:10 $:150 HP:0(70) Pw:171(171) AC:-8 Xp:9 T:5717 

Latest messages:
 The orc-captain just misses!
 The orc-captain hits!
 The orc-captain hits!
 The orc-captain misses!
 The orc-captain hits!
 The orc-captain hits again!
 The orc-captain hits!
 The orc-captain hits again!
 The orc-captain misses!
 The orc-captain misses!
 The orc-captain hits!
 The orc-captain hits again!
 The orc-captain misses!
 The orc-captain hits!
 The orc-captain misses!
 The orc-captain hits!
 The orc-captain misses!
 The orc-captain hits!
 The orc-captain misses!
 The orc-captain hits!
 The orc-captain hits!
 The orc-captain misses!
 The orc-captain hits!
 The orc-captain misses!
 The orc-captain hits!
 The orc-captain hits again!
 The orc-captain hits!
 The orc-captain hits again!
 The orc-captain hits!
 The orc-captain hits again!
 The orc-captain hits!
 The orc-captain hits again!
 The orc-captain hits!
 The orc-captain hits again!
 The orc-captain misses!
 The orc-captain hits!
 The orc-captain hits!
 The orc-captain hits again!
 The orc-captain hits!
 The orc-captain hits again!
 The orc-captain hits!
 The orc-captain hits again!
 The orc-captain hits!
 You die...
 Do you want your possessions identified? [ynq] (y) y
 Do you want to see your attributes? [ynq] (y) y
 Do you want an account of creatures vanquished? [ynaq] (y) y
 Do you want a list of species genocided? [ynq] (y) y
 Do you want to see your conduct and achievements? [ynq] (y) y
 Do you want to see the dungeon overview? [ynq] (y) y

Inventory:
 Coins    ('$')
  $ - 150 gold pieces
 Weapons  (')')
  X - the cursed +4 Sting
  T - the +4 Demonbane (weapon in right hand)
  a - a blessed +5 mace
 Armor    ('[')
  Q - a blessed +0 dwarvish iron helm (being worn)
  m - a -2 pair of levitation boots
  Y - a blessed +3 pair of speed boots (being worn)
  F - a +0 pair of water walking boots
  c - a +0 small shield (being worn)
  b - a +2 robe (being worn)
  w - a blessed +1 dwarvish mithril-coat (being worn)
 Comestibles  ('%')
  e - a clove of garlic
  Z - a cram ration
  L - a food ration
  S - a food ration
  U - a fortune cookie
  V - a lembas wafer
  f - a sprig of wolfsbane
  s - a lizard corpse
 Scrolls  ('?')
  x - a scroll of amnesia
  i - a cursed scroll of gold detection
  q - a scroll of stinking cloud
 Spellbooks  ('+')
  d - a spellbook of fireball
 Potions  ('!')
  h - a cursed potion of booze
  z - a cursed potion of gain ability
  g - a potion of gain energy
  t - a cursed potion of healing
  W - a potion of levitation
  O - 2 potions of object detection
  M - a potion of water
 Rings    ('=')
  C - a ring of cold resistance
  l - a cursed ring of invisibility
  E - a ring of levitation
  u - a cursed ring of polymorph
  G - a ring of stealth
 Wands    ('/')
  H - a wand of create monster (0:15)
  A - a wand of magic missile (0:5)
  I - a wand of secret door detection (0:13)
 Tools    ('(')
  J - a bag of tricks (0:14)
  y - a horn of plenty (0:11)
  j - a magic marker (0:21)

BaeHund the Priestess's attributes:

Background:
 You were an Adept, a level 9 elven Priestess.
 You were chaotic, on a mission for Anhur
 who was opposed by Ptah (lawful) and Thoth (neutral).
 You were right-handed.
 You were in the Dungeons of Doom, on level 10.
 You entered the dungeon 5717 turns ago.
 It was nighttime.
 There was a full moon in effect when your adventure ended.
 You had 3068 experience points, 2052 more were needed to attain level 10.

Basics:
 You had 0 out of 70 hit points.
 You had all 171 energy points (spell power).
 Your armor class was -8.
 Your wallet contained 150 zorkmids.
 Autopickup was off.

Final Characteristics:
 Your strength was 13 (limit:18).
 Your dexterity was 10 (limit:18).
 Your constitution was 15 (peak:16, limit:16).
 Your intelligence was 11 (limit:20).
 Your wisdom was 19 (limit:20).
 Your charisma was 10 (limit:18).

Final Status:
 You weren't hungry.
 You were unencumbered.
 You were wielding a mace.
 You had expert skill with mace.

Final Attributes:
 You were piously aligned.
 You were sleep resistant.
 You were telepathic.
 You had infravision.
 You were guarded.
 Your spell casting was impaired by metallic armor, mitigated by your robe.
 You were very fast.
 You were lucky.
 You are dead (2nd time!).

Miscellaneous:
 You encountered 1 bones level.
 Total elapsed playing time was 1 hour, 38 minutes and 30 seconds.

Major events:
 Turn
    1: BaeHund the chaotic elven Priestess entered the dungeon
 1248: attained the rank of Acolyte (level 3)
 1351: entered the Gnomish Mines
 1381: averted death (killed by a dwarf)
 2276: attained the rank of Adept (level 6)
 2285: reached Mine Town
 3597: found Sting on the floor
 3629: performed her first genocide (mind flayers)
 4559: was bestowed with Demonbane by Anhur
 5717: killed by an orc-captain, while frozen by a floating eye's gaze

Spells:
 Name                 Level Category     Fail Retention
 detect monsters        1   divination    66%   51%-75%
 protection             1   clerical      66%   71%-80%

Skills:
 Fighting Skills
   bare handed combat [Unskilled]
 Weapon Skills
   club               [Unskilled]
   mace               [Expert]
   morning star       [Unskilled]
   flail              [Unskilled]
   hammer             [Unskilled]
   quarterstaff       [Unskilled]
   polearms           [Unskilled]
   spear              [Unskilled]
   trident            [Unskilled]
   lance              [Unskilled]
   bow                [Unskilled]
   sling              [Unskilled]
   crossbow           [Unskilled]
   dart               [Unskilled]
   shuriken           [Unskilled]
   boomerang          [Unskilled]
   unicorn horn       [Unskilled]
 Spellcasting Skills
   healing spells     [Unskilled]
   divination spells  [Unskilled]
   clerical spells    [Basic]

Voluntary challenges:
 Character rerolling was not enabled.
 You genocided 1 type of monster.
 You never polymorphed an object.
 You never changed form.
 You used no wishes.
Achievements:
 You entered a shop.
 You attained the rank of Acolyte.
 You entered the Gnomish Mines.
 You attained the rank of Adept.
 You entered Minetown.
 You entered a temple.

 The Dungeons of Doom: levels 1 to 10
    Level 1:
       An altar to Anhur, a grave.
    Level 2:
       A general store.
    Level 3:
    Level 4:
       A general store.
       Stairs down to The Gnomish Mines.
    Level 5:
       A fountain.
       Final resting place for
          DeathOnAStick-Tou-Hum-Mal-Neu, killed by a gnome queen.
    Level 6:
       Many fountains.
       Oracle of Delphi.
    Level 7:
       Many altars, a fountain.
    Level 8:
       A sink.
    Level 9:
       A scroll shop.
    Level 10: <- You were here.
       Final resting place for
          you, killed by an orc-captain, while frozen by a floating eye's gaze.
 The Gnomish Mines: levels 5 to 8
    Level 5:
    Level 6:
    Level 7:
       Many shops, a temple and an altar, some fountains.
    Level 8:


Vanquished creatures:
  a ghost
  a giant mimic
  3 small mimics
  a leocrotta
 an ettin zombie
  a wolf
  2 lynxes
 an ice vortex
  a gnome ruler
 an orc mummy
  2 lizards
  a dingo
  a jaguar
  a wood nymph
  8 gnome leaders
  3 gnomish wizards
  a gray ooze
  2 little dogs
  a floating eye
  a kitten
 11 dwarves
  a kobold leader
  2 rothes
  2 rabid rats
  a wererat
  2 iguanas
  a killer bee
 an acid blob
  3 coyotes
  a hobbit
  9 manes
  a hobgoblin
  2 cave spiders
  a red mold
 27 gnomes
  a gnome zombie
  a gecko
  5 jackals
  2 foxes
  2 kobolds
  2 goblins
  2 sewer rats
  4 grid bugs
  5 lichens
  3 newts
126 creatures vanquished.

Genocided species:
 mind flayers
1 species genocided.

Game over:
                       ----------
                      /          \
                     /    REST    \
                    /      IN      \
                   /     PEACE      \
                  /                  \
                  |     BaeHund      |
                  |      150 Au      |
                  |   killed by an   |
                  |   orc-captain    |
                  |                  |
                  |                  |
                  |       2026       |
                 *|     *  *  *      | *
        _________)/\\_//(\/(/\)/\//\/|_)_______

Goodbye BaeHund the Priestess...

You died in The Dungeons of Doom on dungeon level 10 with 6665 points,
and 150 pieces of gold, after 5717 moves.
You were level 9 with a maximum of 70 hit points when you died.

